 Dungeon Crawl Stone Soup version 0.25-b1-37-g2669288c55 (webtiles) character file.

Game seed: 17729871539393268762

749 H0rd4k the Cutter (level 8, -2/57 HPs)
             Began as a Human Artificer on June 5, 2020.
             Slain by a wight
             ... wielding a +0 hand axe
              (7 damage)
             ... on level 6 of the Dungeon.
             The game lasted 00:10:26 (8823 turns).

H0rd4k the Cutter (Human Artificer)                 Turns: 8823, Time: 00:10:27

Health: -2/57      AC:  3    Str: 15    XL:     8   Next: 6%
Magic:  10/10      EV: 12    Int: 12    God:
Gold:   309        SH:  0    Dex: 13    Spells: 7/7 levels left

rFire    . . .     SeeInvis .   x - +0 short sword (venom)
rCold    . . .     Gourm    .   (no shield)
rNeg     . . .     Faith    .   b - +0 leather armour
rPois    .         Spirit   .   (no helmet)
rElec    .         Reflect  .   (no cloak)
rCorr    .         Harm     .   (no gloves)
MR       .....                  (no boots)
Stlth    ++........             (no amulet)
HPRegen  0.19/turn              (no ring)
MPRegen  0.12/turn              (no ring)

@: heavily drained
A: no striking features
a: no special abilities


You were on level 6 of the Dungeon.
You were hungry.

You visited 1 branch of the dungeon, and saw 6 of its levels.

You collected 309 gold pieces.

Inventory:

Hand Weapons
 a - a +0 short sword
 x - a +0 short sword of venom (weapon)
Missiles
 m - 8 datura-tipped darts
 y - 5 poisoned darts (quivered)
Armour
 b - a +0 leather armour (worn)
 w - a +0 pair of gloves
Jewellery
 h - a +6 ring of strength {unknown}
 z - an uncursed ring of ice
 B - an uncursed ring of see invisible {unknown}
 C - an uncursed amulet of regeneration {unknown}
Wands
 d - a wand of enslavement (3)
 e - a wand of random effects (33)
Scrolls
 g - 3 scrolls of remove curse {unknown}
 i - 3 scrolls of teleportation {unknown}
 l - 5 scrolls of identify {unknown}
 o - a scroll of random uselessness {unknown}
 p - 2 scrolls of immolation {unknown}
 r - 2 scrolls of noise {unknown}
 s - a scroll of fear {unknown}
 v - a scroll of enchant weapon {unknown}
 A - 2 scrolls of magic mapping {unknown}
 D - a scroll of amnesia {unknown}
 F - a scroll of fog {unknown}
Potions
 j - a potion of might {unknown}
 k - 2 potions of heal wounds
 n - 3 potions of curing
 q - a potion of haste
 t - a potion of stabbing {unknown}
 u - 2 potions of degeneration {unknown}
 E - a potion of resistance {unknown}
Comestibles
 f - 8 rations


   Skills:
 + Level 2.7(0.9) Fighting
 + Level 4.2(2.4) Short Blades
 + Level 1.7(0.0) Throwing
 + Level 3.3(1.4) Armour
 + Level 3.7(1.9) Dodging
 + Level 3.2(1.4) Stealth
 + Level 3.8(1.9) Evocations


You had 7 spell levels left.
You didn't know any spells.
Your spell library was empty.

Dungeon Overview and Level Annotations

Branches:
Dungeon (6/15)
 Temple: D:4-7

Altars:
Ashenzari
Dithmenos
Okawaru
Ru
Trog
Uskayaw
Yredelemnul

Shops:
D:5 [

Annotations:
D:2 1 runed translucent door, exclusions: downstairs and 1 more exclusion, Crazy Yiuf
D:3 phantom


Message History

The wight is heavily damaged.
The wight hits you but does no damage.
Evoke which item? (* to show all) (? for menu, Esc to quit)
Aiming: Throw Flame
Press: ? - help, Shift-Dir - straight line, f/p - wight
Aim: a wight, wielding a +0 hand axe and wearing a +0 robe (heavily damaged)
The puff of flame hits the wight.
The wight is severely damaged.
The now-empty wand crumbles to dust.
The wight hits you with a +0 hand axe!
* * * LOW HITPOINT WARNING * * *
You feel drained.
* * * LOW HITPOINT WARNING * * *
Evoke which item? (* to show all) (? for menu, Esc to quit)
You don't have any such object.
Evoke which item? (* to show all) (? for menu, Esc to quit)
Okay, then.
You hit the wight but do no damage.
The wight is severely damaged.
The wight hits you with a +0 hand axe!
You die...

.................
.................
.................
.................
......#.##.......
...####.# .......
. #<.#)# .......
##.#z# ...##z.
##.#@# .z.z .
#....# .....
#......# ......
###....# ......#
###....# [....#
#.....# #....<#


You could see a wight.

Vanquished Creatures
  Edmund (D:5)
  2 ogres
  Blork the orc (D:5)
  A wight (D:6)
  An orc priest (D:5)
  An iguana (D:4)
  2 worker ants (D:4)
  A hound skeleton (D:4)
  A worker ant zombie (D:5)
  13 adders
  An adder skeleton (D:4)
  2 worms (D:2)
  3 dart slugs (D:2)
  5 leopard geckos
  11 orcs
  A giant cockroach (D:1)
  8 goblins
  4 hobgoblins
  10 jackals
  5 kobolds
  2 quokkas (D:5)
  2 ball pythons
  9 bats
  5 frilled lizards
  2 rats
94 creatures vanquished.

Vanquished Creatures (collateral kills)
  An adder (D:3)
  An ooze (D:3)
  4 orcs (D:3)
  2 goblins
  A kobold (D:3)
  2 quokkas (D:3)
11 creatures vanquished.

Vanquished Creatures (others)
  Pikel (D:5)
  A slave (D:5)
  A wight (D:6)
3 creatures vanquished.

Grand Total: 108 creatures vanquished

Notes
Turn   | Place    | Note
-------+----------+-------------------------------------------
     0 | D:1      | H0rd4k the Human Artificer began the quest for the Orb.
     0 | D:1      | Reached XP level 1. HP: 15/15 MP: 3/3
   582 | D:1      | Reached XP level 2. HP: 19/21 MP: 4/4
  1353 | D:2      | Reached XP level 3. HP: 26/26 MP: 5/5
  1710 | D:2      | Reached skill level 1 in Armour
  1935 | D:2      | Found a sacrificial altar of Ru.
  1948 | D:2      | Reached XP level 4. HP: 14/32 MP: 6/6
  2744 | D:2      | Found a runed translucent door.
  2745 | D:2      | Noticed Crazy Yiuf
  3280 | D:2      | Reached skill level 2 in Short Blades
  3606 | D:3      | Found a bloodstained altar of Trog.
  3606 | D:3      | Found a hide-covered altar of Uskayaw.
  3606 | D:3      | Found an iron altar of Okawaru.
  3652 | D:3      | Reached XP level 5. HP: 31/37 MP: 7/7
  3740 | D:3      | Found a basalt altar of Yredelemnul.
  3798 | D:3      | Noticed an ogre
  3838 | D:3      | Found a shadowy altar of Dithmenos.
  5903 | D:3      | Killed an ogre
  5903 | D:3      | Reached skill level 3 in Short Blades
  5903 | D:3      | Reached XP level 6. HP: 44/44 MP: 8/8
  6076 | D:4      | Noticed a phantom
  6113 | D:4      | Found a sand-covered staircase.
  6634 | D:4      | Noticed an ogre
  6645 | D:4      | Killed an ogre
  6645 | D:4      | Reached XP level 7. HP: 44/51 MP: 9/9
  6800 | D:4      | Reached skill level 1 in Throwing
  7088 | D:4      | Found a shattered altar of Ashenzari.
  7345 | D:5      | Entered Level 5 of the Dungeon
  7573 | D:5      | Noticed Edmund
  7606 | D:5      | Killed Edmund
  7606 | D:5      | Reached skill level 4 in Short Blades
  8049 | D:5      | Noticed Blork the orc
  8062 | D:5      | Killed Blork the orc
  8242 | D:5      | Noticed Pikel
  8371 | D:5      | Killed Pikel
  8440 | D:5      | Found Jomm's Armour Boutique.
  8553 | D:5      | Reached XP level 8. HP: 46/57 MP: 10/10
  8823 | D:6      | Slain by a wight

Illustrated notes

Levels and vault maps discovered:
D:1:      elethiomel_arrival_shortcut, layout_basic
D:2:      layout_basic, nicolae_ru_great_annihilating_truth, first_ration,
          uniq_crazy_yiuf_cottage
D:3:      layout_basic, nicolae_dithmenos_shadow_blocks,
          nicolae_overflow_crystal_walls,
          chequers_temple_overflow_statue_of_worship
D:4:      layout_rooms, nicolae_ashenzari_panopticon, enter_ossuary_1
D:5:      layout_loops_ring, serial_shops, shop, uniq_blork_the_orc,
          uniq_edmund, uniq_pikel
D:6:      layout_basic, minmay_shop_enchanted_jewellery

Skill      XL: |  1  2  3  4  5  6  7 |
---------------+----------------------+-----
Armour         | 1 2 3 |  3.3
Short Blades   | 2 3 4 |  4.2
Fighting       | 2 |  2.7
Stealth        | 2 3 |  3.2
Dodging        | 3 |  3.7
Throwing       | 1 |  1.7
Evocations     | |  3.8

Action                   |  1- 3 |  4- 6 |  7- 9 || total
-------------------------+-------+-------+-------++-------
Melee: Short sword       |   134 |   261 |   128 ||   523
Throw: Dart              |       |    14 |     5 ||    19
Evoke: Wand              |     2 |    18 |    14 ||    34
  Use: Potion            |       |     2 |       ||     2
 Stab: Sleeping          |     1 |       |     2 ||     3
       Paralysed         |       |     3 |       ||     3
  Eat: Chunk             |     3 |    12 |     6 ||    21
       Ration            |       |     1 |       ||     1
Armor: Leather armour    |    31 |    54 |    17 ||   102
Dodge: Dodged            |   102 |   171 |    59 ||   332
